 Dungeon Crawl Stone Soup version 0.30-b1-2-g02819fbbbe (webtiles) character file.

Game seed: 17444840395740359955

72 Mysteryquy the Covered (level 4, -1/29 HPs)
             Began as a Gargoyle Fighter on May 3, 2023.
             Slain by a goblin
             ... wielding a +0 club
              (4 damage)
             ... on level 3 of the Dungeon.
             The game lasted 00:03:25 (1500 turns).

Mysteryquy the Covered (Gargoyle Fighter)           Turns: 1500, Time: 00:03:26

Health: -1/29      AC: 13    Str: 21    XL:     4   Next: 26%
Magic:  4/4        EV:  9    Int:  9    God:
Gold:   59         SH:  4    Dex:  9    Spells: 3/3 levels left

rFire   . . .        a - +0 flail
rCold   . . .        c - +0 buckler
rNeg    + . .        b - +0 scale mail
rPois   ∞            o - +0 helmet
rElec   +            (no cloak)
rCorr   .            f - +0 pair of gloves
SInv    .            (no boots)
Will    .....        (no amulet) Stlth
                     (no ring)
HPRegen 0.24/turn    (no ring)
MPRegen 0.09/turn

%: no passive effects
@: no status effects
A: sickness immunity, AC +3, negative energy resistance 1, electricity
resistance, torment resistance 1, petrification resistance
a: no special abilities


You were on level 3 of the Dungeon.
You visited 1 branch of the dungeon, and saw 4 of its levels.

You collected 59 gold pieces.

Inventory:

Hand Weapons
 a - a +0 flail (weapon)
Armour
 b - a +0 scale mail (worn)
 c - a +0 buckler (worn)
 f - a +0 pair of gloves (worn)
 o - a +0 helmet (worn)
Jewellery
 j - a ring of magical power
 n - a ring of resist corrosion
Wands
 q - a wand of quicksilver (3)
Scrolls
 e - a scroll of amnesia {unknown}
 g - a scroll of magic mapping {unknown}
 h - a scroll of noise {unknown}
 i - a scroll of enchant weapon {unknown}
 k - a scroll of blinking {unknown}
 l - a scroll of enchant armour {unknown}
 p - a scroll of summoning {unknown}
Potions
 d - 2 potions of might
 m - 3 potions of curing {unknown}


   Skills:
 + Level 3.7 Fighting
 + Level 2.9 Maces & Flails
 + Level 3.9 Armour
 + Level 0.7 Dodging
 + Level 3.7 Shields


You had 3 spell levels left.
You didn't know any spells.
Your spell library contained the following spells:

 Spells                   Type           Power      Damage    Failure   Level
 Freeze                   Ice            0%         1d3       80%         1
 Gell's Gravitas          Tloc           0%         N/A       99%         3
 Ignite Poison            Fire/Tmut/Pois 0%         N/A       99%         3
 Mephitic Cloud           Conj/Pois/Air  0%         N/A       99%         3
 Teleport Other           Tloc           0%         N/A       99%         3
 Animate Armour           Summ/Erth      0%         N/A       100%        4
 Blade Hands              Tmut           0%         N/A       100%        5
 Dispersal                Tloc           0%         N/A       100%        6
 Eringya's Noxious Bog    Tmut/Pois      0%         N/A       100%        6
 Iron Shot                Conj/Erth      0%         9d1       100%        6


Dungeon Overview and Level Annotations

Branches:
Dungeon (4/15)
 Temple: D:4-7

Altars:


Innate Abilities, Weirdness & Mutations

You are immune to sickness and miasma.
Your stone body is resilient. (AC +3)
You are immune to poison.
You resist negative energy. (rN+)
You are resistant to electric shocks. (rElec)
You are resistant to unholy torment.
You are immune to petrification.


Message History

The rat barely misses you.
The goblin shoots a sling bullet.
You block the sling bullet. The rat bites you but does no damage.
The iguana bites you.
You closely miss the iguana.
The goblin shoots a sling bullet.
The sling bullet closely misses you. The rat bites you.
The iguana bites you but does no damage.
The goblin shoots a sling bullet.
The sling bullet barely misses you.
You closely miss the iguana. The rat bites you but does no damage.
The iguana barely misses you.
You hit the iguana but do no damage. The rat closely misses you.
The iguana closely misses you.
The goblin unwields a +0 sling.
The goblin wields a +0 club.
The goblin closely misses you.
You hit the iguana but do no damage. The rat closely misses you.
The iguana bites you but does no damage.
The goblin hits you but does no damage. The rat bites you but does no damage.
The iguana closely misses you.
You closely miss the iguana. The goblin barely misses you.
You block the rat's attack. The iguana bites you!
* * * LOW HITPOINT WARNING * * *
The goblin closely misses you.
You hit the iguana but do no damage. The rat barely misses you.
The iguana bites you but does no damage.
The goblin hits you but does no damage.
You hit the iguana but do no damage. The rat bites you.
* * * LOW HITPOINT WARNING * * *
The iguana closely misses you. The goblin completely misses you.
You block the rat's attack.
The iguana bites you but does no damage.
You hit the iguana but do no damage. The goblin closely misses you.
The rat barely misses you.
The iguana bites you but does no damage.
The goblin barely misses you.
You barely miss the iguana. The rat bites you but does no damage.
The iguana misses you. The goblin hits you but does no damage.
You sock the iguana!
The iguana is heavily wounded.
The rat completely misses you. The iguana bites you.
* * * LOW HITPOINT WARNING * * *
The goblin hits you with a +0 club.
You die...

############
.###++###...........
......r@l...>...#
.....?g#####.####
.....). #.†# ......#
##... ...... w....
...... .....# ..###
....... .. .....#.
.....#


You could see an iguana, a goblin and a rat.

Vanquished Creatures
  An iguana (D:4)
  A worm (D:3)
  A dart slug (D:1)
  7 bats
  4 endoplasms
  2 giant cockroaches (D:1)
  4 goblins
  7 hobgoblins
  7 kobolds
  2 quokkas
  3 rats (D:1)
39 creatures vanquished.

Vanquished Creatures (others)
  3 plants (D:4)
3 creatures vanquished.

Grand Total: 42 creatures vanquished

Notes
Turn   | Place    | Note
-------+----------+-------------------------------------------
     0 | D:1      | Mysteryquy the Gargoyle Fighter began the quest for the
                  | Orb.
     0 | D:1      | Reached XP level 1. HP: 14/14 MP: 1/1
   130 | D:1      | Reached XP level 2. HP: 18/19 MP: 2/2
   321 | D:1      | Got Sif Muna's Encyclopedia of the Chilling Adder
   799 | D:1      | Reached XP level 3. HP: 23/23 MP: 3/3
  1325 | D:2      | You fall into a shaft and drop 2 floors!
  1344 | D:4      | Reached XP level 4. HP: 8/29 MP: 4/4
  1500 | D:3      | Slain by a goblin

Illustrated notes

Levels and vault maps discovered:
D:1:      doesnt_arrival_eight_statues, layout_basic
D:2:      layout_loops_corners, uniq_natasha
D:3:      layout_rooms, nicolae_uskayaw_dance_hall, kennysheep_generic_room_12
D:4:      minmay_chambers_of_threes, layout_rooms, serial_bayou,
          serial_bayou_crossing, serial_bayou_shore_a, serial_bayou_lagoon_b,
          serial_bayou_pond_c, minmay_misc_feat_more_columns,
          chequers_serial_rivers_large_b, minmay_close_crescents

Action                     |  1- 3 |  4- 6 || total
---------------------------+-------+-------++-------
  Melee: Flail             |   132 |    43 ||   175
 Armour: Scale mail        |   115 |    45 ||   160
  Dodge: Dodged            |    98 |    50 ||   148
  Block: Buckler           |    24 |    13 ||    37
